General information
- name: BNet
- type: Ladder team game (AT/RT)
- host: Battle.net
- saver: PeonsOnStrike
map: DragonFalls
- players: 8
- length: 22:38
- speed: Fast
- version: 1.27 W3XP
- replay type: Public
» download(141 KB)
Players
team 1 (winner)
celobox (
orange | 45 APM | 1007 actions | 22:37)
3 Death Knight
1 Death Coil
2 Unholy Aura
3 Dark Ranger
2 Black Arrow
1 Life Drain
» actions
| Assign group hotkey | 27 | |
| Basic commands | 1 | |
| Build / train | 59 | |
| Enter build submenu | 19 | |
| Enter hero's abilities submenu | 6 | |
| Give item / drop item | 4 | |
| Right click | 360 | |
| Select / deselect | 240 | |
| Select group hotkey | 230 | |
| Use ability | 61 | |
1007 total
» units
| Acolyte | 8 | |
| Ghoul | 4 | |
| Crypt Fiend | 18 | |
| Obsidian Statue | 1 | |
| Meatwagon | 1 | |
32 total
» upgrades
| Creature Carapace | 2 | |
| Creature Attack | 2 | |
| Web | 1 | |
| Unholy Armor | 2 | |
| Unholy Strength | 1 | |
8 total
» buildings
| Graveyard | 1 | |
| Crypt | 1 | |
| Altar of Darkness | 1 | |
| Ziggurat | 12 | |
| Tomb of Relics | 2 | |
| Halls of the Dead | 1 | |
| Necropolis | 1 | |
| Spirit Tower | 5 | |
| Nerubian Tower | 1 | |
| Slaughterhouse | 1 | |
26 total
» build order
00:13 Graveyard
00:30 Crypt
00:58 Altar of Darkness
01:13 Ziggurat
01:29 Tomb of Relics
02:09 Ziggurat
03:04 Ziggurat
07:02 Halls of the Dead
07:26 Ziggurat
09:14 Ziggurat
09:17 Ziggurat
09:19 Ziggurat
09:20 Necropolis
09:22 Ziggurat
10:04 Ziggurat
10:09 Spirit Tower
10:16 Spirit Tower
10:19 Nerubian Tower
10:23 Ziggurat
10:43 Spirit Tower
11:02 Slaughterhouse
12:06 Spirit Tower
12:37 Spirit Tower
12:44 Tomb of Relics
16:33 Ziggurat
16:33 Ziggurat
» items
| Rod of Necromancy | 2 | |
| Scroll of Town Portal | 1 | |
| Potion of Lesser Invulnerability | 1 | |
4 total

»
Microsoft421 (
purple | 36 APM | 820 actions | 22:37)
5 Death Knight
3 Death Coil
2 Unholy Aura
1 Lich
1 Frost Armor
» actions
| Assign group hotkey | 7 | |
| Basic commands | 8 | |
| Build / train | 46 | |
| Enter build submenu | 16 | |
| Enter hero's abilities submenu | 6 | |
| Remove unit from queue | 2 | |
| Right click | 496 | |
| Select / deselect | 183 | |
| Select group hotkey | 10 | |
| Use ability | 46 | |
820 total
» units
| Acolyte | 2 | |
| Ghoul | 3 | |
| Crypt Fiend | 8 | |
| Frost Wyrm | 2 | |
| Abomination | 2 | |
17 total
» upgrades
| Unholy Strength | 1 | |
| Creature Attack | 2 | |
| Burrow | 1 | |
| Web | 1 | |
| Creature Carapace | 2 | |
| Freezing Breath | 1 | |
| Disease Cloud | 1 | |
| Unholy Armor | 1 | |
10 total
» buildings
| Crypt | 1 | |
| Ziggurat | 8 | |
| Altar of Darkness | 1 | |
| Graveyard | 1 | |
| Tomb of Relics | 1 | |
| Halls of the Dead | 1 | |
| Black Citadel | 1 | |
| Sacrificial Pit | 1 | |
| Boneyard | 2 | |
| Slaughterhouse | 3 | |
20 total
» build order
00:10 Crypt
00:13 Ziggurat
00:17 Altar of Darkness
01:44 Graveyard
02:57 Ziggurat
03:37 Tomb of Relics
05:00 Halls of the Dead
06:40 Ziggurat
06:41 Ziggurat
06:42 Ziggurat
07:30 Black Citadel
07:32 Sacrificial Pit
10:12 Boneyard
10:14 Boneyard
13:07 Ziggurat
18:41 Slaughterhouse
18:41 Slaughterhouse
19:28 Slaughterhouse
22:14 Ziggurat
22:15 Ziggurat
» items
| Sacrificial Skull | 1 | |
| Rod of Necromancy | 1 | |
| Scroll of Town Portal | 3 | |
| Orb of Corruption | 1 | |
| Healing Salve | 1 | |
7 total
PeonsOnStrike (
yellow | 53 APM | 1207 actions | 22:38)
5 Blademaster
3 Wind Walk
2 Critical Strike
» actions
| Assign group hotkey | 15 | |
| Basic commands | 4 | |
| Build / train | 51 | |
| Enter build submenu | 30 | |
| Enter hero's abilities submenu | 6 | |
| Give item / drop item | 3 | |
| Remove unit from queue | 2 | |
| Right click | 674 | |
| Select / deselect | 277 | |
| Select group hotkey | 63 | |
| Use ability | 82 | |
1207 total
» units
» upgrades
| Ranged Weapons | 3 | |
| Armor | 2 | |
| Reinforced Defenses | 1 | |
6 total
» buildings
| Orc Burrow | 6 | |
| Altar of Storms | 1 | |
| Barracks | 1 | |
| War Mill | 2 | |
| Voodoo Lounge | 2 | |
| Watch Tower | 12 | |
| Stronghold | 1 | |
| Fortress | 1 | |
| Beastiary | 2 | |
| Great Hall | 1 | |
29 total
» build order
02:55 Orc Burrow
02:58 Orc Burrow
03:07 Altar of Storms
03:12 Barracks
03:44 Orc Burrow
04:26 War Mill
04:38 War Mill
05:09 Voodoo Lounge
05:50 Watch Tower
05:53 Watch Tower
06:32 Stronghold
06:45 Watch Tower
06:58 Watch Tower
08:42 Watch Tower
08:46 Watch Tower
09:16 Orc Burrow
09:23 Orc Burrow
09:59 Watch Tower
10:09 Watch Tower
11:40 Watch Tower
13:09 Orc Burrow
13:52 Fortress
14:56 Beastiary
14:57 Beastiary
17:21 Watch Tower
17:21 Watch Tower
17:22 Watch Tower
18:42 Great Hall
22:25 Voodoo Lounge
» items
| Healing Salve | 2 | |
| Lesser Clarity Potion | 3 | |
| Potion of Healing | 2 | |
| Scroll of Town Portal | 1 | |
| Boots of Speed | 1 | |
| Staff of Teleportation | 1 | |
| Orb of Corruption | 1 | |
| Potion of Mana | 1 | |
12 total

»
zeppelin016 (
pink | 44 APM | 991 actions | 22:37)
4 Death Knight
2 Death Coil
2 Unholy Aura
2 Dreadlord
1 Vampiric Aura
1 Carrion Swarm
3 Lich
2 Frost Nova
1 Frost Armor
» actions
| Assign group hotkey | 49 | |
| Basic commands | 167 | |
| Build / train | 63 | |
| ESC pressed | 5 | |
| Enter build submenu | 22 | |
| Enter hero's abilities submenu | 9 | |
| Give item / drop item | 6 | |
| Right click | 203 | |
| Select / deselect | 258 | |
| Select group hotkey | 153 | |
| Use ability | 56 | |
991 total
» units
| Acolyte | 8 | |
| Ghoul | 6 | |
| Frost Wyrm | 8 | |
22 total
» upgrades
| Creature Attack | 3 | |
| Creature Carapace | 3 | |
| Freezing Breath | 1 | |
7 total
» buildings
| Crypt | 1 | |
| Ziggurat | 9 | |
| Altar of Darkness | 1 | |
| Halls of the Dead | 2 | |
| Graveyard | 1 | |
| Black Citadel | 1 | |
| Sacrificial Pit | 1 | |
| Spirit Tower | 4 | |
| Boneyard | 2 | |
| Tomb of Relics | 4 | |
26 total
» build order
00:43 Crypt
00:50 Ziggurat
01:13 Altar of Darkness
01:30 Ziggurat
03:34 Halls of the Dead
03:35 Halls of the Dead
04:07 Ziggurat
04:13 Graveyard
05:57 Black Citadel
06:12 Ziggurat
07:08 Sacrificial Pit
07:12 Spirit Tower
07:43 Spirit Tower
07:46 Ziggurat
07:50 Ziggurat
07:55 Ziggurat
08:24 Boneyard
08:27 Boneyard
09:03 Tomb of Relics
09:05 Tomb of Relics
09:10 Tomb of Relics
09:12 Tomb of Relics
11:26 Spirit Tower
11:45 Ziggurat
12:01 Ziggurat
20:17 Spirit Tower
» items
| Orb of Corruption | 11 | |
| Scroll of Town Portal | 4 | |
15 total
team 2 (loser)
Dorian12 (
teal | 54 APM | 887 actions | 16:21)
4 Mountain King
2 Storm Bolt
2 Thunder Clap
1 Paladin
1 Holy Light
1 Archmage
1 Summon Water Elemental
» actions
| Assign group hotkey | 31 | |
| Basic commands | 45 | |
| Build / train | 69 | |
| ESC pressed | 1 | |
| Enter build submenu | 22 | |
| Enter hero's abilities submenu | 6 | |
| Give item / drop item | 2 | |
| Right click | 237 | |
| Select / deselect | 163 | |
| Select group hotkey | 231 | |
| Use ability | 80 | |
887 total
» units
| Peasant | 14 | |
| Rifleman | 8 | |
| Mortar Team | 2 | |
| Siege Engine | 3 | |
27 total
» upgrades
| Gunpowder | 2 | |
| Long Rifles | 1 | |
| Barrage | 1 | |
| Lumber Harvesting | 2 | |
| Flare | 1 | |
| Fragmentation Shards | 1 | |
| Masonry | 1 | |
9 total
» buildings
| Farm | 11 | |
| Altar of Kings | 1 | |
| Barracks | 1 | |
| Blacksmith | 1 | |
| Lumber Mill | 2 | |
| Scout Tower | 5 | |
| Arcane Tower | 3 | |
| Arcane Vault | 2 | |
| Town Hall | 1 | |
| Guard Tower | 3 | |
| Keep | 1 | |
| Workshop | 2 | |
| Castle | 1 | |
34 total
» build order
01:11 Farm
01:12 Altar of Kings
01:40 Barracks
01:42 Blacksmith
01:45 Farm
01:46 Farm
01:59 Lumber Mill
02:04 Scout Tower
02:39 Arcane Tower
02:39 Arcane Tower
03:09 Farm
03:12 Farm
03:50 Arcane Vault
05:36 Town Hall
05:38 Scout Tower
05:39 Scout Tower
06:08 Guard Tower
06:10 Scout Tower
06:12 Scout Tower
06:47 Keep
06:50 Guard Tower
07:00 Guard Tower
10:31 Workshop
10:35 Workshop
10:40 Lumber Mill
10:53 Farm
10:53 Farm
10:53 Farm
10:54 Farm
10:55 Farm
10:55 Farm
10:58 Castle
11:38 Arcane Vault
» items
| Scroll of Regeneration | 3 | |
| Scroll of Healing | 1 | |
| Potion of Lesser Invulnerability | 1 | |
| Scroll of Town Portal | 3 | |
| Potion of Healing | 3 | |
| Lesser Clarity Potion | 2 | |
| Orb of Fire | 1 | |
14 total

»
PewPewDead (
blue | 57 APM | 1283 actions | 22:36)
6 Tauren Chieftain
3 War Stomp
2 Endurance Aura
1 Reincarnation
» actions
| Assign group hotkey | 28 | |
| Basic commands | 62 | |
| Build / train | 68 | |
| Enter build submenu | 12 | |
| Enter hero's abilities submenu | 6 | |
| Right click | 653 | |
| Select / deselect | 267 | |
| Select group hotkey | 101 | |
| Use ability | 86 | |
1283 total
» units
| Peon | 5 | |
| Grunt | 2 | |
| Troll Headhunter/Berserker | 23 | |
| Demolisher | 6 | |
| Wind Rider | 7 | |
43 total
» upgrades
| Ranged Weapons | 3 | |
| Envenomed Spears | 1 | |
4 total
» buildings
| Barracks | 1 | |
| Altar of Storms | 2 | |
| Orc Burrow | 5 | |
| War Mill | 1 | |
| Voodoo Lounge | 2 | |
| Stronghold | 1 | |
| Beastiary | 1 | |
| Fortress | 2 | |
15 total
» build order
00:16 Barracks
00:22 Altar of Storms
00:37 Orc Burrow
01:38 War Mill
01:53 Orc Burrow
03:04 Voodoo Lounge
03:21 Stronghold
04:23 Orc Burrow
08:18 Altar of Storms
10:44 Orc Burrow
10:50 Orc Burrow
14:04 Voodoo Lounge
14:30 Beastiary
14:37 Fortress
14:37 Fortress
» items
| Healing Salve | 3 | |
| Potion of Healing | 2 | |
| Scroll of Town Portal | 2 | |
| Orb of Lightning | 1 | |
8 total
awwwwwwwwwwwwww (
green | 38 APM | 614 actions | 16:18)
4 Archmage
2 Summon Water Elemental
2 Brilliance Aura
1 Blood Mage
1 Flame Strike
» actions
| Assign group hotkey | 6 | |
| Basic commands | 54 | |
| Build / train | 67 | |
| Enter build submenu | 23 | |
| Enter hero's abilities submenu | 5 | |
| Give item / drop item | 3 | |
| Remove unit from queue | 1 | |
| Right click | 185 | |
| Select / deselect | 180 | |
| Select group hotkey | 18 | |
| Use ability | 72 | |
614 total
» units
| Peasant | 15 | |
| Footman | 10 | |
| Furbolg Shaman | 1 | |
| Satyr Shadowdancer | 3 | |
| Thunder Lizard | 1 | |
| Flying Machine | 1 | |
| Goblin Shredder | 1 | |
| Mortar Team | 1 | |
| Siege Engine | 1 | |
34 total
» upgrades
| Defend | 1 | |
| Lumber Harvesting | 2 | |
| Magic Sentry | 1 | |
| Fragmentation Shards | 1 | |
| Barrage | 1 | |
6 total
» buildings
| Altar of Kings | 1 | |
| Farm | 6 | |
| Barracks | 1 | |
| Arcane Vault | 1 | |
| Town Hall | 1 | |
| Lumber Mill | 1 | |
| Keep | 1 | |
| Scout Tower | 10 | |
| Guard Tower | 3 | |
| Castle | 1 | |
| Blacksmith | 1 | |
| Arcane Sanctum | 1 | |
| Workshop | 3 | |
31 total
» build order
00:20 Altar of Kings
00:40 Farm
00:57 Barracks
01:48 Farm
02:21 Farm
02:50 Arcane Vault
04:21 Town Hall
04:41 Farm
04:51 Lumber Mill
05:49 Keep
05:52 Scout Tower
05:53 Scout Tower
06:04 Scout Tower
06:10 Scout Tower
06:10 Scout Tower
06:10 Scout Tower
06:10 Scout Tower
06:32 Guard Tower
08:49 Castle
09:18 Guard Tower
09:24 Blacksmith
09:33 Guard Tower
10:41 Arcane Sanctum
10:47 Scout Tower
11:32 Workshop
11:40 Workshop
11:45 Workshop
12:44 Farm
13:23 Farm
» items
| Scroll of Regeneration | 2 | |
| Staff of Teleportation | 1 | |
| Potion of Lesser Invulnerability | 1 | |
| Scroll of Healing | 1 | |
| Scroll of Protection | 2 | |
| Boots of Speed | 1 | |
| Periapt of Vitality | 1 | |
| Scroll of Town Portal | 2 | |
| Dust of Appearance | 1 | |
| Potion of Healing | 1 | |
| Potion of Mana | 1 | |
14 total
suzukiviolin (
red | 47 APM | 1063 actions | 22:33)
2 Blood Mage
1 Flame Strike
1 Banish
2 Mountain King
1 Storm Bolt
1 Avatar
2 Archmage
1 Brilliance Aura
1 Summon Water Elemental
» actions
| Basic commands | 45 | |
| Build / train | 76 | |
| Enter build submenu | 38 | |
| Enter hero's abilities submenu | 6 | |
| Right click | 520 | |
| Select / deselect | 290 | |
| Use ability | 88 | |
1063 total
» units
| Peasant | 15 | |
| Sorceress | 2 | |
| Mortar Team | 9 | |
| Flying Machine | 5 | |
| Rifleman | 12 | |
| Siege Engine | 3 | |
46 total
» upgrades
| Masonry | 1 | |
| Sorceress Training | 2 | |
| Lumber Harvesting | 2 | |
| Fragmentation Shards | 1 | |
| Flare | 1 | |
| Gunpowder | 2 | |
| Armor | 1 | |
10 total
» buildings
| Lumber Mill | 1 | |
| Farm | 18 | |
| Altar of Kings | 2 | |
| Scout Tower | 15 | |
| Guard Tower | 10 | |
| Keep | 1 | |
| Arcane Tower | 1 | |
| Arcane Sanctum | 2 | |
| Blacksmith | 1 | |
| Castle | 1 | |
| Arcane Vault | 2 | |
| Workshop | 3 | |
57 total
» build order
00:25 Lumber Mill
00:55 Farm
01:14 Altar of Kings
01:42 Farm
02:22 Scout Tower
02:25 Scout Tower
02:31 Scout Tower
02:37 Scout Tower
02:49 Scout Tower
02:58 Guard Tower
03:11 Guard Tower
03:19 Guard Tower
03:27 Guard Tower
03:33 Scout Tower
03:43 Scout Tower
03:55 Scout Tower
04:09 Guard Tower
04:13 Guard Tower
04:31 Guard Tower
04:57 Scout Tower
05:02 Scout Tower
05:12 Keep
05:34 Guard Tower
05:51 Scout Tower
06:05 Scout Tower
06:11 Scout Tower
06:28 Arcane Tower
06:34 Guard Tower
07:01 Guard Tower
08:41 Scout Tower
09:01 Farm
09:01 Farm
09:02 Farm
09:03 Farm
09:04 Farm
09:10 Arcane Sanctum
09:17 Arcane Sanctum
09:25 Blacksmith
09:46 Castle
10:07 Farm
10:08 Farm
10:09 Farm
10:10 Farm
10:14 Arcane Vault
10:49 Scout Tower
11:17 Workshop
11:20 Workshop
11:32 Workshop
11:54 Farm
11:56 Farm
12:00 Farm
12:01 Farm
12:07 Arcane Vault
12:10 Farm
19:28 Altar of Kings
19:31 Farm
19:33 Farm
Chat log
(00:20 / Allies) Microsoft421: 3 ud
(00:37 / Allies) Microsoft421: come on yellow
(00:43 / Allies) Microsoft421: yes your name
(00:45 / Allies) Microsoft421: u on strike
(00:53 / Allies) Microsoft421: but we can win, teamwork
(01:15 / Allies) Microsoft421: guys lets rush?
(01:20 / Allies) Microsoft421: yellow wont play
(01:25 / Allies) celobox: ok
(01:32 / Allies) Microsoft421: his peons r on strike, read his name
(01:44 / Allies) zeppelin016: lolz
(01:46 / Allies) zeppelin016: free expo
(01:48 / Allies) zeppelin016: take his mine
(02:05 / Allies) Microsoft421: yellow we agree with your demands
(02:14 / Allies) Microsoft421: u can call off the strike now
(02:21 / Allies) PeonsOnStrike: 500 gold
(02:24 / Allies) zeppelin016: srsly just kill him and take his mine
(02:31 / Allies) zeppelin016: or pay his ransom
(02:34 / Allies) zeppelin016: this is ama-zing
(02:48 / Allies) Microsoft421: i gave him his ransom lol
(03:20 / Allies) Microsoft421: ty yellow
(03:23 / Allies) Microsoft421: i will protect u
(03:26 / Allies) Microsoft421: u r one funny guy
(03:49 / Allies) Microsoft421: your name is funny too
(03:50 / Allies) Microsoft421: lol
(04:28 / Allies) Microsoft421: units?
(04:32 / Allies) PeonsOnStrike: typical
(04:40 / Allies) Microsoft421: tower rush
(06:18 / Allies) Microsoft421: blue hero
(09:45 / Allies) PeonsOnStrike: gold
(10:07 / Allies) zeppelin016: getting frosties now
(10:32 / Allies) celobox: lumber
(10:58 / Allies) Microsoft421: yellow u doing good bro
(12:15 / Allies) zeppelin016: tp?
(12:51 / Allies) Microsoft421: i burrow fiend for u yellow
(13:01 / Allies) PeonsOnStrike: Thanks pal
(15:09 / Allies) Microsoft421: yellow take item
(15:39 / Allies) Microsoft421: lol
(15:40 / All) PeonsOnStrike: CALIFORNIA KNOWS HOW TO PARTY
(15:57 / Allies) Microsoft421: hit main
(16:15 / Allies) Microsoft421: y
(16:18 / All) Dorian12: i'm tried
(16:19 / All) PeonsOnStrike: am
(16:20 / All) Dorian12: of the inanity
(17:07 / Allies) zeppelin016: back oj
(18:18 / Allies) Microsoft421: take item yelow
(18:55 / Allies) celobox: lumber
(22:29 / All) suzukiviolin: if they didn't rage we would have ahd a pretty good shot at this